 Dungeon Crawl Stone Soup version 0.31-a0-1237-gabc64e778c (webtiles) character file.

Game seed: 16000018789500974403

6085 backslashecho the Frost Mage (level 10, -6/66 HPs)
             Began as an Octopode Ice Elementalist on Dec 16, 2023.
             Was a Priest of Vehumet.
             Shot with an arrow by an orc warrior (11 damage)
             ... on level 9 of the Dungeon.
             The game lasted 00:35:10 (10871 turns).

backslashecho the Frost Mage (OpIE)                Turns: 10871, Time: 00:35:11

Health: -6/66      AC:  1    Str:  8    XL:     10   Next: 88%
Magic:  13/30      EV: 14    Int: 21    God:    Vehumet [***...]
Gold:   449        SH:  0    Dex: 13    Spells: 5/23 levels left

rFire   + . .        a - staff of death
rCold   . . .        (no shield)
rNeg    + . .        (helmet restricted)
rPois   .            (no amulet)
rElec   .            e - ring of magical power
rCorr   .            p - ring of willpower
SInv    .            B - ring of protection from fire
Will    +....        F - ring of flight
Stlth   +++          (no ring)
HPRegen 0.31/turn    (no ring)
MPRegen 0.22/turn    (no ring)
                     (no ring)

%: no passive effects
@: flying
A: almost no armour, amphibious, 8 rings, camouflage 1, gelatinous body 1,
(nimble swimmer 1), tentacles
a: Renounce Religion


You were on level 9 of the Dungeon.
You worshipped Vehumet.
Vehumet was most pleased with you.
You visited 2 branches of the dungeon, and saw 10 of its levels.
You also visited: Sewer.

You collected 449 gold pieces.

Inventory:

Hand Weapons
 b - a +0 short sword of venom
Missiles
 h - 24 poisoned darts (quivered)
 v - a curare-tipped dart
 E - a throwing net
Armour
 y - a +0 tower shield
Magical Staves
 a - a staff of death (weapon)
Jewellery
 e - a ring of magical power (left tentacle)
 p - a ring of willpower (right tentacle)
 B - a ring of protection from fire (on tentacle)
 F - a ring of flight (on tentacle)
Wands
 u - a wand of flame (1)
Scrolls
 f - a scroll of vulnerability
 g - a scroll of fog {unknown}
 j - a scroll of revelation
 o - a scroll of blinking
 q - a scroll of enchant weapon {unknown}
 r - a scroll of teleportation {unknown}
 s - a scroll of silence {unknown}
 w - 2 scrolls of identify
 x - a scroll of enchant armour {unknown}
 z - 2 scrolls of immolation {unknown}
 C - a scroll of noise {unknown}
 D - a scroll of summoning {unknown}
Potions
 c - 2 potions of attraction
 d - 2 potions of ambrosia
 i - 2 potions of enlightenment
 k - 6 potions of curing
 l - a potion of magic
 m - a potion of might
 n - 3 potions of haste
 t - a potion of lignification
 A - a potion of invisibility {unknown}


   Skills:
 - Level 5.0 Fighting
 - Level 5.0 Dodging
 - Level 4.0 Stealth
 + Level 3.0 Shields
 + Level 7.4 Spellcasting
 + Level 3.8 Conjurations
 - Level 4.0 Summonings
 - Level 9.0 Ice Magic
 - Level 2.0 Air Magic
 - Level 4.0 Earth Magic
 - Level 4.0 Poison Magic


You had 5 spell levels left.
You knew the following spells:

 Your Spells              Type           Power      Damage    Failure   Level
a - Stone Arrow           Conj/Erth      48%        3d10      1%          3
b - Ozocubu's Armour      Ice            45%        N/A       1%          3
c - Frozen Ramparts       Ice            90%        1d14      1%          3
d - Summon Ice Beast      Ice/Summ       35%        N/A       6%          4
e - Mephitic Cloud        Conj/Pois/Air  21%        N/A       1%          3
f - Sandblast             Erth           48%        2d12      1%          1
v - Freeze                Ice            100%       1d10      1%          1

Your spell library contained the following spells:

 Spells                   Type           Power      Damage    Failure   Level
 Poisonous Vapours        Pois/Air       40%        N/A       1%          2
 Sting                    Tmut/Pois      64%        1d6       3%          1
 Olgreb's Toxic Radiance  Pois           24%        N/A       4%          4
 Petrify                  Tmut/Erth      16%        N/A       36%         4
 Metabolic Englaciation   Hex/Ice        13%        N/A       36%         5
 Passage of Golubria      Tloc           7%         N/A       63%         4
 Silence                  Hex/Air        6%         N/A       83%         5
 Lehudib's Crystal Spear  Conj/Erth      12%        10d4      100%        8


Dungeon Overview and Level Annotations

Branches:
Dungeon (9/15)             Temple (1/1) D:4           Sewer (visited)
   Lair: D:8-11         Orc: D:9-12

Altars:
Ashenzari
Cheibriados
Dithmenos
Elyvilon
Fedhas
Gozag
Hepliaklqana
Kikubaaqudgha
Makhleb
Nemelex Xobeh
Okawaru
Qazlal
Ru
Sif Muna
Trog
Uskayaw
Vehumet
Wu Jian
Xom
Yredelemnul
Zin
The Shining One

Annotations:
D:3 3 runed translucent doors, horus123's ghost, amateur FoEE
D:5 Sigmund
D:8 exclusion: 2 oklob saplings


Innate Abilities, Weirdness & Mutations

You cannot wear most types of armour.
You are amphibious.
You can wear up to eight rings at the same time.
Your skin changes colour to match your surroundings (Stealth+).
Your rubbery body absorbs attacks. (AC +1, EV +1)
((You are camouflaged when in or above water. (Stealth+)))
You have tentacles for arms and can constrict up to eight enemies at once.


Message History

You take 8 damage, and have 58/66 hp.
You now have 27/30 mp.
The frozen ramparts melt away as you move.
The orc warrior shoots an arrow.
The arrow hits you!
You see here a howler monkey skeleton.
You take 17 damage, and have 41/66 hp.
MASSIVE DAMAGE!!
The orc warrior shoots an arrow.
The arrow hits you.
You take 4 damage, and have 37/66 hp.
Casting: Frozen Ramparts (safe; 1% risk of failure)
Confirm with . or Enter, or press ? or * to list all spells.
Casting: Frozen Ramparts (safe; 1% risk of failure)
Press: ? - help, Dir - look around, f - activate The walls around you are covered in ice.
The wall freezes the orc warrior.
The orc warrior shoots an arrow.
The arrow hits you!
You take 7 damage, and have 30/66 hp.
You now have 25/30 mp.
Casting: Frozen Ramparts (safe; 1% risk of failure)
Confirm with . or Enter, or press ? or * to list all spells.
Aiming: Stone Arrow (safe; 1% risk of failure)
Press: ? - help, Shift-Dir - straight line, f - orc warrior
Aim: an orc warrior, wielding a +0 orcbow and wearing a +4 plate armour of positive energy (lightly wounded, 71% to hit)
The stone arrow misses the orc warrior.
The wall freezes the orc warrior.
The orc warrior shoots an arrow.
The arrow closely misses you.
You now have 22/30 mp.
Casting: Stone Arrow (safe; 1% risk of failure)
Confirm with . or Enter, or press ? or * to list all spells.
Aiming: Stone Arrow (safe; 1% risk of failure)
Press: ? - help, Shift-Dir - straight line, f/p - orc warrior
Aim: an orc warrior, wielding a +0 orcbow and wearing a +4 plate armour of positive energy (moderately wounded, 71% to hit)
The stone arrow misses the orc warrior.
The wall freezes the orc warrior.
The orc warrior shoots an arrow.
The arrow barely misses you.
You now have 19/30 mp.
Casting: Stone Arrow (safe; 1% risk of failure)
Confirm with . or Enter, or press ? or * to list all spells.
Aiming: Stone Arrow (safe; 1% risk of failure)
Press: ? - help, Shift-Dir - straight line, f/p - orc warrior
Aim: an orc warrior, wielding a +0 orcbow and wearing a +4 plate armour of positive energy (moderately wounded, 71% to hit)
The stone arrow misses the orc warrior.
The wall freezes the orc warrior but does no damage.
The orc warrior shoots an arrow.
The arrow hits you!
You take 8 damage, and have 22/66 hp.
You now have 16/30 mp.
Casting: Stone Arrow (safe; 1% risk of failure)
Confirm with . or Enter, or press ? or * to list all spells.
A chill wind blows around you.
The wall freezes the orc warrior.
The orc warrior shoots an arrow.
The arrow hits you!
* * * LOW HITPOINT WARNING * * *
You take 17 damage, and have 5/66 hp.
MASSIVE DAMAGE!!
You now have 12/30 mp.
You swap places.
The frozen ramparts melt away as you move.
The orc warrior shoots an arrow.
The arrow hits you!
You die...

### ###### ..# #....# ..#
#....# ##########
..###....# #........####
.........# #............
.........# #............
.........# #.......)....
.........####............
##............[÷@........
#.............Y÷..[..##
#.......^##o########.#
#.....(..#.....†...# '
#...######..........
#...# .............
#...#...............
#...#...............
##...#..............#


You could see an orc warrior (ally target) and a friendly ice beast (summoned).

Vanquished Creatures
  Pikel (D:5)
  An ugly thing (D:8)
  3 yaks (D:8)
  A human (D:9)
  A warg (D:9)
  Duvessa (D:5)
  2 orc warriors
  3 water moccasins
  2 ice beasts
  2 sky beasts (D:7)
  An ogre (D:5)
  2 centaurs (D:8)
  2 lemures (D:5)
  3 kobold brigands
  2 bullfrogs
  5 scorpions
  A wight (D:6)
  Dowan (D:5)
  2 nameless horrors (D:7)
  9 howler monkeys
  A jelly (D:4)
  4 orc priests
  A hound (D:7)
  A gnoll bouda (D:8)
  Natasha (D:2)
  3 iguanas
  13 orc wizards
  Robin (D:3)
  9 gnolls
  8 adders
  3 river rats (Sewer)
  3 shadow imps
  A white imp (D:8)
  3 worms
  5 dart slugs
  31 orcs
  16 ball pythons
  4 endoplasms
  3 giant cockroaches
  11 hobgoblins
  7 jackals
  3 quokkas
  3 bats
  5 frilled lizards
  10 goblins
  12 kobolds
  6 rats
213 creatures vanquished.

Vanquished Creatures (collateral kills)
  A gargoyle (D:6)
  Menkaure (D:5)
  A water moccasin (D:7)
  2 orc warriors (D:7)
  An ice beast (D:5)
  A phantom (D:6)
  2 wights (D:6)
  A gnoll bouda (D:7)
  An orc priest (D:7)
  3 iguanas
  2 orc wizards (D:7)
  4 gnolls
  2 adders (D:8)
  3 orcs (D:7)
  A jackal (Sewer)
26 creatures vanquished.

Grand Total: 239 creatures vanquished

Notes
Turn   | Place    | Note
-------+----------+-------------------------------------------
     0 | D:1      | backslashecho the Octopode Ice Elementalist began the quest
                  | for the Orb.
     0 | D:1      | Reached XP level 1. HP: 11/11 MP: 3/3
   161 | D:1      | Reached XP level 2. HP: 11/17 MP: 3/5
  1150 | D:2      | Reached XP level 3. HP: 21/21 MP: 6/6
  1231 | D:2      | Learned a level 3 spell: Frozen Ramparts
  1342 | D:2      | You fall into a shaft and drop 2 floors!
  1363 | D:4      | Reached skill level 1 in Fighting
  1363 | D:4      | Reached XP level 4. HP: 15/28 MP: 7/7
  1472 | D:3      | Found a runed translucent gate.
  1473 | D:3      | Found a runed translucent gate.
  1473 | D:3      | Found a runed translucent gate.
  1477 | D:3      | Noticed horus123's ghost (amateur FoEE)
  1592 | D:2      | Reached skill level 5 in Ice Magic
  1592 | D:2      | Reached XP level 5. HP: 21/33 MP: 9/9
  1678 | D:2      | Noticed Natasha
  1901 | D:2      | Found a faded altar of an unknown god.
  2045 | D:2      | Killed Natasha
  2225 | D:3      | Found a hazy altar of Hepliaklqana.
  2317 | D:3      | Noticed Robin
  2480 | D:3      | Learned a level 3 spell: Ozocubu's Armour
  2484 | D:3      | Killed Robin
  2564 | D:3      | Reached XP level 6. HP: 15/39 MP: 10/10
  3122 | D:4      | Found a staircase to the Ecumenical Temple.
  3130 | Temple   | Entered the Ecumenical Temple
  3141 | Temple   | Became a worshipper of Vehumet
  3211 | D:4      | Found a shimmering altar of Xom.
  3345 | D:4      | Learned a level 4 spell: Summon Ice Beast
  3849 | D:4      | Reached skill level 6 in Ice Magic
  4032 | D:5      | Entered Level 5 of the Dungeon
  4032 | D:5      | Noticed Duvessa
  4032 | D:5      | Noticed Dowan
  4066 | D:4      | Reached skill level 1 in Summonings
  4120 | D:5      | Found an iron altar of Okawaru.
  4125 | D:5      | Reached XP level 7. HP: 43/45 MP: 12/12
  4517 | D:5      | Noticed Pikel
  4534 | D:5      | Killed Pikel
  4535 | D:5      | Reached skill level 7 in Ice Magic
  4535 | D:5      | Reached XP level 8. HP: 4/54 MP: 8/14
  4983 | D:5      | Noticed Sigmund
  5205 | D:5      | Noticed Menkaure
  5211 | D:5      | Killed Menkaure
  5211 | D:5      | Reached * piety under Vehumet
  5211 | D:5      | Offered knowledge of Sandblast by Vehumet.
  5250 | D:4      | Learned a level 1 spell: Sandblast
  5651 | D:5      | Killed Duvessa
  5652 | D:5      | Reached skill level 8 in Ice Magic
  5652 | D:5      | Reached skill level 1 in Earth Magic
  5654 | D:5      | Killed Dowan
  5655 | D:5      | Reached skill level 5 in Spellcasting
  6030 | D:6      | Reached XP level 9. HP: 52/60 MP: 14/16
  6035 | D:6      | Reached skill level 5 in Fighting
  6145 | D:6      | Noticed a gargoyle
  6162 | D:6      | Killed a gargoyle
  6296 | D:6      | Found a glowing drain.
  6309 | Sewer    | Entered a sewer
  6496 | Sewer    | Found a glowing silver altar of Zin.
  8044 | D:7      | Offered knowledge of Shock by Vehumet.
  8045 | D:7      | Reached ** piety under Vehumet
  8057 | D:7      | Reached skill level 9 in Ice Magic
  8057 | D:7      | Reached XP level 10. HP: 60/66 MP: 17/19
  8070 | D:7      | Reached skill level 1 in Conjurations
  8906 | D:8      | Reached skill level 5 in Dodging
  9064 | D:8      | Offered knowledge of Mephitic Cloud by Vehumet.
  9069 | D:8      | Learned a level 3 spell: Mephitic Cloud
  9238 | D:8      | Reached skill level 1 in Shields
  9255 | D:8      | Reached skill level 1 in Poison Magic
  9263 | D:8      | Reached skill level 1 in Air Magic
  9336 | D:8      | Noticed a cyan ugly thing
  9597 | D:8      | Killed a cyan ugly thing
  9604 | D:8      | Reached *** piety under Vehumet
 10105 | D:8      | Offered knowledge of Stone Arrow by Vehumet.
 10110 | D:8      | Learned a level 3 spell: Stone Arrow
 10214 | D:8      | Found a glowing golden altar of the Shining One.
 10871 | D:9      | Shot with an arrow by an orc warrior

Illustrated notes

Levels and vault maps discovered:
D:1:      dpeg_arrival_boxes_within_box, layout_loops_ring,
          chequers_serial_rivers_micro_c
D:2:      layout_loops_ring, shapermc_ecumenical_altar_ellora,
          minmay_close_crescents, uniq_natasha
D:3:      layout_rooms, nicolae_hepliaklqana_hazy_memory,
          ebering_ghost_rock_garden, uniq_robin
D:4:      layout_layer_cave, mainiacjoe_overflow_alcove_1,
          minmay_temple_entry_statues_pillars, minmay_misc_feat_cross
D:5:      layout_gridville, mainiacjoe_overflow_paths, uniq_duvessa,
          uniq_sigmund, uniq_pikel, uniq_menkaure
D:6:      layout_loops_ring, cheibrodos_sewer_entry_drain, grunt_decor_clamped,
          minmay_misc_feat_room
D:7:      layout_basic
D:8:      layout_loops_ring, tso_oasis_becter, introduction_to_nature_2
D:9:      layout_irregular_city, erik_orc_4
Temple:   hc_temple_tempest_star

Skill      XL: |  1  2  3  4  5  6  7  8  9 10 |
---------------+-------------------------------+-----
Stealth        | 3 4 |  4.0
Fighting       | 1 2 3 4 5 |  5.0
Ice Magic      | 5 6 7 8 9 |  9.0
Spellcasting   | 3 4 5 6 7 |  7.4
Summonings     | 1 3 4 |  4.0
Earth Magic    | 1 4 |  4.0
Dodging        | 4 5 |  5.0
Conjurations   | 3 |  3.8
Shields        | 3 |  3.0
Poison Magic   | 4 |  4.0
Air Magic      | 2 |  2.0

Action                     |  1- 3 |  4- 6 |  7- 9 | 10-12 || total
---------------------------+-------+-------+-------+-------++-------
  Melee: Dagger            |    18 |     6 |       |       ||    24
         Constrict         |     5 |     8 |     6 |     3 ||    22
         Tentacles         |     4 |     4 |    11 |    80 ||    99
         Punch             |     1 |       |     1 |     1 ||     3
         Unarmed           |     1 |       |       |       ||     1
         Short sword       |       |    13 |       |       ||    13
         Staff             |       |     2 |    26 |   172 ||   200
  Throw: Dart              |       |     1 |     2 |     5 ||     8
   Cast: Freeze            |    25 |    57 |    25 |     6 ||   113
         Frozen Ramparts   |     2 |    18 |    17 |    18 ||    55
         Ozocubu's Armour  |       |     1 |     2 |       ||     3
         Summon Ice Beast  |       |       |    25 |     8 ||    33
         Sandblast         |       |       |    65 |    62 ||   127
         Stone Arrow       |       |       |       |    21 ||    21
         Mephitic Cloud    |       |       |       |     5 ||     5
  Evoke: Wand              |       |       |    12 |     3 ||    15
    Use: Scroll            |       |       |     3 |     5 ||     8
         Potion            |       |       |       |     1 ||     1
   Stab: Sleeping          |     4 |     6 |     1 |     1 ||    12
 Armour: Skin              |    11 |    24 |    52 |    41 ||   128
  Dodge: Dodged            |    19 |    37 |    54 |    47 ||   157

Table legend: (Time is in decaauts)
 A = Elapsed time spent in this place.
 B = Non-inter-level travel time spent in this place.
 C = Inter-level travel time spent in this place.
 D = Time resting spent in this place.
 E = Time spent auto-exploring this place.
 F = Levels seen in this place.
 G = Mean time per level.
                   A        B        C        D        E       F      G
               +--------+--------+--------+--------+--------+-----+--------+
         Total |  10978 |  10323 |    655 |   1471 |   6698 |  11 |  998.0 |
       Dungeon |  10687 |  10051 |    636 |   1414 |   6526 |   9 | 1187.4 |
        Temple |     22 |      3 |     19 |      0 |      0 |   1 |   22.0 |
         Sewer |    268 |    268 |      0 |     57 |    172 |   1 |  268.0 |
               +--------+--------+--------+--------+--------+-----+--------+

Top non-repeatable levels by time:
     D:5: 1771 daAuts
     D:8: 1744 daAuts
     D:6: 1475 daAuts
     D:4: 1279 daAuts
     D:7: 1140 daAuts
     D:2: 1084 daAuts
     D:1: 1010 daAuts
     D:3: 858 daAuts
     D:9: 323 daAuts
   Sewer: 268 daAuts
  Temple: 22 daAuts
